 Dungeon Crawl Stone Soup version 0.31.0-11-ge490571c62 (webtiles) character file.

Game seed: 15372247606617761582

79 qw the Shooter (level 4, 0/25 HPs)
             Began as a Deep Elf Hunter on Feb 4, 2024.
             Slain by a hobgoblin
             ... wielding a +0 broad axe
              (7 damage)
             ... on level 2 of the Dungeon.
             The game lasted 00:00:05 (961 turns).

qw the Shooter (Deep Elf Hunter)                     Turns: 961, Time: 00:00:05

Health: 0/25       AC:  8    Str:  9 (10) XL:     4   Next: 16%
Magic:  6/6        EV:  8    Int: 13 (14) God:
Gold:   82         SH:  0    Dex: 15 (18) Spells: 3/3 levels left

rFire   . . .        a - +0 shortbow
rCold   . . .        (shield currently unavailable)
rNeg    . . .        g - +0 scale mail
rPois   .            m - +1 helmet
rElec   .            (no cloak)
rCorr   .            (no gloves)
SInv    .            (no boots)
Will    .....        (no amulet) Stlth
                     (no ring)
HPRegen 0.24/turn    (no ring)
MPRegen 0.10/turn

%: no passive effects
@: no status effects
A: no striking features
a: no special abilities


You were on level 2 of the Dungeon.
You visited 1 branch of the dungeon, and saw 2 of its levels.

You collected 82 gold pieces.


   Skills:
 - Level 1.5 Fighting
 + Level 7.6 Ranged Weapons
 - Level 2.4 Dodging
 - Level 1.2 Stealth


You had 3 spell levels left.
You didn't know any spells.
Your spell library was empty.

Inventory:

Hand Weapons
 a - a +0 shortbow (weapon)
Armour
 g - a +0 scale mail (worn)
 m - a +1 helmet (worn)
Scrolls
 b - a scroll of torment {unknown}
Potions
 f - a potion of lignification {unknown}
 i - a potion of attraction {unknown}
 l - a potion of haste {unknown}

Dungeon Overview and Level Annotations

Branches:
Dungeon (2/15)

Altars:


Message History

You shoot an arrow. The arrow hits the giant cockroach.
The giant cockroach is heavily wounded.
The giant cockroach barely misses you.
The giant cockroach bites you but does no damage.
You shoot an arrow. The arrow hits the giant cockroach.
The giant cockroach is severely wounded.
The giant cockroach barely misses you. The hobgoblin barely misses you.
The giant cockroach bites you but does no damage.
You shoot an arrow.
The arrow barely misses the giant cockroach.
The giant cockroach bites you but does no damage.
The hobgoblin barely misses you.
You shoot an arrow.
The arrow hits the giant cockroach but does no damage.
The giant cockroach is severely wounded.
The giant cockroach bites you but does no damage.
The hobgoblin hits you with a +0 broad axe!
The giant cockroach closely misses you. The hobgoblin closely misses you.
You shoot an arrow.
The arrow hits the giant cockroach but does no damage.
The giant cockroach is severely wounded.
The giant cockroach bites you but does no damage.
The hobgoblin barely misses you. The giant cockroach closely misses you.
You shoot an arrow. The arrow hits the giant cockroach.
The giant cockroach is severely wounded.
The hobgoblin hits you with a +0 broad axe.
The giant cockroach bites you but does no damage.
The hobgoblin hits you with a +0 broad axe!
You shoot an arrow.
The arrow hits the giant cockroach but does no damage.
The giant cockroach is severely wounded.
The giant cockroach waves its antennae.
The giant cockroach barely misses you. x2; The hobgoblin barely misses you.
You shoot an arrow. The arrow hits the giant cockroach.
You kill the giant cockroach!
The hobgoblin closely misses you.
You shoot an arrow. The arrow barely misses the hobgoblin.
The hobgoblin closely misses you.
The hobgoblin hits you with a +0 broad axe!
You die...

.............#
####'#######.# #........
#.# #.# #........
####.##### #.# #........
...'.'...# #.# #........
.###.###.# #.# #........
.# #.# #.# #.# #........
'###.###'###.###.%......
...........'....@g......
'###.###'###..##.#######
.# #.# #.# #.<...#
.###.###.# #..####
|..'.'...# #..#
####.##### #..# #.# #..#
####'#######...
..............


You could see a hobgoblin.

Vanquished Creatures
  An adder (D:2)
  3 dart slugs (D:1)
  A ribbon worm (D:2)
  7 bats
  6 endoplasms
  4 giant cockroaches
  9 goblins
  2 hobgoblins (D:1)
  6 kobolds
  5 quokkas (D:1)
  3 ball pythons
  2 frilled lizards (D:2)
  6 rats
55 creatures vanquished.

Notes
Turn   | Place    | Note
-------+----------+-------------------------------------------
     0 | D:1      | qw the Deep Elf Hunter began the quest for the Orb.
     0 | D:1      | Reached XP level 1. HP: 12/12 MP: 3/3
     0 | D:1      | 0 ||| qw: Version: 0.3-a-160-g6735b56
     0 | D:1      | 0 ||| qw: Game counter: 5301
     0 | D:1      | 0 ||| qw: Melee chars always use a shield: true
     0 | D:1      | 0 ||| qw: God list: Okawaru
     0 | D:1      | 0 ||| qw: Allow faded altars: false
     0 | D:1      | 0 ||| qw: Do Orc after clearing Dungeon:15 true
     0 | D:1      | 0 ||| qw: Do second Lair branch before Depths: true
     0 | D:1      | 0 ||| qw: Lair rune preference: random
     0 | D:1      | 0 ||| qw: Goals: Normal
     0 | D:1      | 0 ||| PLANNING D:1-11
    76 | D:1      | Reached skill level 6 in Ranged Weapons
    76 | D:1      | Reached XP level 2. HP: 16/16 MP: 4/4
   251 | D:1      | Reached XP level 3. HP: 20/20 MP: 5/5
   435 | D:1      | Reached skill level 7 in Ranged Weapons
   637 | D:1      | 637 ||| UPGRADING to +0 scale mail.
   647 | D:1      | 647 ||| DROPPING +0 leather armour.
   648 | D:1      | 648 ||| UPGRADING to +0 helmet.
   653 | D:1      | 653 ||| DROPPING +6 ring of intelligence.
   654 | D:1      | 654 ||| READING scroll labelled OPAPAK QATUJEM.
   654 | D:1      | 654 ||| ENCHANTING +0 helmet.
   655 | D:1      | 655 ||| READING scroll labelled AKHLU IPUAXZERE.
   656 | D:1      | 656 ||| READING scroll labelled ONUSIRCHOGUV.
   656 | D:1      | 656 ||| IDENTIFYING orange potion
   657 | D:1      | 657 ||| DRINKING 2 fuming white potions.
   658 | D:1      | 658 ||| DROPPING scroll of butterflies.
   659 | D:1      | 659 ||| DROPPING potion of brilliance.
   660 | D:1      | 660 ||| DROPPING potion of degeneration.
   845 | D:2      | Found a faded altar of an unknown god.
   847 | D:2      | Noticed a golden eye
   852 | D:2      | Noticed a great orb of eyes
   855 | D:2      | Noticed a golden eye
   855 | D:2      | Noticed a golden eye
   888 | D:2      | Reached XP level 4. HP: 25/25 MP: 6/6
   958 | D:2      | HP: 6/25 [hobgoblin/+0 broad axe (10)]
   961 | D:2      | Slain by a hobgoblin

Levels and vault maps discovered:
D:1:      ncdulo_lavacross, layout_rooms, dk_noncrumbling_2, st_stairs_11,
          serial_bayou_pond_b
D:2:      layout_basic, hellmonk_ecumenical_altar_watching_god, minivault_27,
          kennysheep_donut, minmay_door_square, serial_bayou_pond_b

Skill      XL: |  1  2  3 |
---------------+----------+-----
Ranged Weapons | 6 7 |  7.6
Fighting       | |  1.5
Dodging        | |  2.4
Stealth        | |  1.2

Action                     |  1- 3 |  4- 6 || total
---------------------------+-------+-------++-------
   Fire: Shortbow          |   133 |    31 ||   164
    Use: Scroll            |     3 |       ||     3
         Potion            |     1 |       ||     1
 Armour: Leather armour    |    19 |       ||    19
         Scale mail        |    21 |    14 ||    35
  Dodge: Dodged            |    35 |    18 ||    53

Table legend:
 A = Non-vault XP
 B = Vault XP
 C = Vault XP percentage of total XP
 D = Non-vault monster count
 E = Vault monster count
 F = Vault count percentage of total count
                 A         B        C        D         E       F
            +---------+---------+-------+---------+---------+-------
      Total |      87 |      26 |  23.0 |      42 |      13 |  23.6
            +---------+---------+-------+---------+---------+-------
        D:1 |      57 |      14 |  19.7 |      30 |       7 |  18.9
        D:2 |      30 |      12 |  28.6 |      12 |       6 |  33.3
            +---------+---------+-------+---------+---------+-------
